 Dungeon Crawl Stone Soup version 0.16-a0-2093-g8c923f7 (webtiles) character file.

14203 myeffort the Earth Mage (level 11, -16/81 HPs)
             Began as a Deep Dwarf Earth Elementalist on Nov 12, 2014.
             Was a High Priest of Makhleb.
             Demolished by a frost giant
             ... wielding a +2 battleaxe of freezing
              (17 damage)
             ... in an ice cave.
             The game lasted 01:22:24 (12484 turns).

myeffort the Earth Mage (DDEE)                     Turns: 12484, Time: 01:22:24

Health: -16/81     AC:  6    Str: 13      XL:     11   Next: 85%
Magic:  15/31      EV: 22    Int: 17 (18) God:    Makhleb [*****.]
Gold:   1130       SH:  0    Dex: 13      Spells: 5 memorised, 3 levels left

rFire  + . .     SeeInvis .     b - 122 stones
rCold  + + .     Clarity  .     F - +0 robe {rC+}
rNeg   . . .     SustAb   .     (no shield)
rPois  +         Gourm    .     s - +0 helmet
rElec  +         Spirit   .     J - +1 cloak
rCorr  +         Warding  .     y - +0 pair of gloves
rMut   .         Stasis   .     (no boots)
MR     +....                    (no amulet)
Stlth  ++++......               I - ring of magical power
                                V - +6 ring of evasion

@: resistant, non-regenerating, somewhat resistant to hostile enchantments,
stealthy
A: damage resistance, recharge devices, sense surroundings 2, slow healing 3
a: Device Recharging, Minor Destruction, Lesser Servant of Makhleb, Major
Destruction, Greater Servant of Makhleb, Renounce Religion


You were in an ice cave.
You worshipped Makhleb.
Makhleb was extremely pleased with you.
You were very hungry.

You visited 2 branches of the dungeon, and saw 15 of its levels.
You also visited: Sewer, Ossuary and Ice Cave.

You collected 1568 gold pieces.
You spent 438 gold pieces at shops.

Inventory:

Hand weapons
 a - a +2 whip of holy wrath
Missiles
 b - 122 stones (in hand)
Armour
 c - a +1 robe
 s - a +0 helmet (worn)
 y - a +0 pair of gloves (worn)
 F - a +0 robe of cold resistance (worn)
 J - a +1 cloak (worn)
 S - a +2 animal skin
 T - a +0 leather armour of magic resistance
 Y - a +0 robe
Jewellery
 v - a +3 ring of dexterity
 B - an uncursed ring of teleportation
 D - an uncursed ring of poison resistance
 G - a +2 ring of protection
 I - a ring of magical power (right hand)
 V - a +6 ring of evasion (left hand)
Magical devices
 k - a wand of heal wounds (0)
 l - a wand of paralysis (9)
 E - a wand of digging (2)
 K - a wand of fire (3)
 Q - a wand of frost (22)
Scrolls
 g - a scroll of noise
 i - 4 scrolls of fear
 n - 3 scrolls of amnesia
 o - a scroll of enchant armour
 w - 5 scrolls of identify
 A - 3 scrolls of teleportation
 C - 5 scrolls of remove curse
Potions
 e - 5 potions of restore abilities
 m - 5 potions of curing
 p - 2 potions of poison
 r - 2 potions of brilliance
 L - 2 potions of agility
 N - a potion of berserk rage
 W - a potion of might
Books
 d - a book of Geomancy

   Spells                             Type                      Level
   *Sandblast                         Earth                        1
   *Stoneskin                         Transmutation/Earth          2
   Passwall                           Transmutation/Earth          3
   *Stone Arrow                       Conjuration/Earth            3
   *Petrify                           Transmutation/Earth          4
   *Lee's Rapid Deconstruction        Earth                        5
 q - a book of Transfigurations

   Spells                             Type                      Level
   *Stoneskin                         Transmutation/Earth          2
   Irradiate                          Conjuration/Transmutation    5
   Statue Form                        Transmutation/Earth          6
   Hydra Form                         Transmutation                6
   Dragon Form                        Transmutation                7
 u - a book of Death

   Spells                             Type                      Level
   Corpse Rot                         Necromancy                   2
   Sublimation of Blood               Necromancy                   2
   Agony                              Necromancy                   5
   Dispel Undead                      Necromancy                   5
   Excruciating Wounds                Charms/Necromancy            5
   Bolt of Draining                   Conjuration/Necromancy       5
 O - a Fen Folio

   Spells                             Type                      Level
   Corpse Rot                         Necromancy                   2
   *Stone Arrow                       Conjuration/Earth            3
   Leda's Liquefaction                Hexes/Earth                  4
   Summon Forest                      Summoning/Translocation      5
   Hydra Form                         Transmutation                6
   Summon Hydra                       Summoning                    7
 P - a Necronomicon {highlevel, unknown}

   This book is beyond your current level of understanding.

   Spells                             Type                      Level
   Haunt                              Necromancy/Summoning         7
   Borgnjor's Revivification          Necromancy                   8
   Death's Door                       Charms/Necromancy            8
   Necromutation                      Transmutation/Necromancy     8
 X - a book of Battle

   Spells                             Type                      Level
   Infusion                           Charms                       1
   Shroud of Golubria                 Charms/Translocation         2
   Song of Slaying                    Charms                       2
   Spectral Weapon                    Hexes/Charms                 3
   Regeneration                       Charms/Necromancy            3
Miscellaneous
 H - a crystal ball of energy
 U - a lamp of fire (inert, charging)
Comestibles
 f - 4 bread rations
 h - 2 beef jerkies
 j - 10 meat rations
 x - 9 slices of pizza
 z - 2 fruits


   Skills:
 + Level 7.8 Dodging
 - Level 8.1 Stealth
 - Level 4.2 Spellcasting
 - Level 0.8 Transmutations
 - Level 15.0 Earth Magic
 - Level 10.0 Invocations
 + Level 11.9 Evocations


You had 3 spell levels left.
You knew the following spells:

 Your Spells              Type           Power        Failure   Level  Hunger
a - Sandblast             Erth           ######       1%          1    None
b - Stone Arrow           Conj/Erth      ####..       1%          3    ###....
c - Lee's Rapid Deconstr  Erth           ######....   1%          5    ######.
d - Petrify               Trmt/Erth      ####....     8%          4    ####...
e - Stoneskin             Trmt/Erth      ####....     1%          2    ##.....


Dungeon Overview and Level Annotations

Branches:
Dungeon (11/15)            Temple (0/1) D:6             Orc (4/4) D:9
   Lair: D:8-11         Elf: Orc:3-4

Altars:
Dithmenos
Kikubaaqudgha
Makhleb
Nemelex Xobeh
Qazlal
Sif Muna
Trog
Vehumet
Yredelemnul
The Shining One

Shops:
D:4 =(?!%   D:5 :   D:9 [


Innate Abilities, Weirdness & Mutations

You are resistant to damage.
You can recharge devices by infusing magical energy.
You passively map the area around you.
You do not heal naturally.


Message History

The polar bear dies!
Makhleb accepts your collateral kill.
Evoke which item? (* to show all) (? for menu, Esc to quit)
Zapping:
K - a wand of fire (will waste charges)
Press: ? - help, Shift-Dir - straight line, f - frost giant
Aim: a frost giant, wielding a battleaxe of freezing (moderately wounded)
The bolt of fire hits the frost giant.
The frost giant is moderately wounded.
Evoking this partially-identified wand wasted a few charges.
Your blizzard demon waves its arms in wide circles.
The frost giant is struck by the twisting air!
Evoke which item? (* to show all) (? for menu, Esc to quit)
Zapping:
K - a wand of fire {zapped: 2} (will waste charges)
Press: ? - help, Shift-Dir - straight line, f/p - frost giant
Aim: a frost giant, wielding a battleaxe of freezing (heavily wounded)
The bolt of fire hits the frost giant.
The frost giant is severely wounded.
Evoking this partially-identified wand wasted a few charges.
The frost giant hits you with a battleaxe of freezing!!
You die...

≈≈≈≈≈≈≈≈≈## ≈
≈≈≈≈≈≈≈≈#.# * **
#≈≈≈≈≈##.## **
####≈≈≈≈≈ ##.# ,*
#h.##≈≈#≈ ##.#
#.Y.##≈##≈#..# **
#..#2..≈§###..# ,
*#.h###C#.#.#...#
*,, .Y..
#@##?.#...# *
h.... ##..###..##
Y.h. #.###..##
C.* ##.##.## .*
#.##..# * *
##.##.## **,*
##.##..##
##.####..# *,*
#.## ##.#


You could see a frost giant, a polar bear, a yak and a friendly blizzard demon.

Vanquished Creatures
  Urug (Orc:2)
  An ice statue (IceCv)
  An orange demon (D:10)
  A kobold demonologist (Sewer)
  2 two-headed ogres
  4 polar bears (IceCv)
  Grinder (Sewer)
  A trapdoor spider zombie (D:4)
  A neqoxec (IceCv)
  9 yaks (IceCv)
  Grum (D:8)
  A hippogriff (D:7)
  15 wolves
  A human (D:7)
  A warg (Orc:2)
  A water moccasin (D:8)
  5 orc warriors
  3 black bears
  3 ice beasts
  2 phantoms
  A crocodile (D:10)
  4 ogres
  Duvessa (D:7)
  3 big kobolds
  The ghost of Vidiiot the Conjurer, an average OpWz (D:4)
  An elf zombie (D:7)
  5 giant frogs
  11 wights (D:9)
  3 scorpions
  2 vampire bats (D:6)
  A wolf zombie (D:8)
  2 crimson imps
  4 jellies (D:6)
  A quasit (D:10)
  A giant frog zombie (D:8)
  A human zombie (D:7)
  A centaur skeleton (D:7)
  Crazy Yiuf (D:7)
  9 orc priests
  19 orc wizards
  5 hounds
  4 sheep (D:7)
  5 worker ants
  An iguana (D:9)
  5 big kobold zombies
  Ijyb (D:6)
  A crocodile skeleton (D:4)
  A hound skeleton (D:6)
  3 gnolls (D:8)
  3 mummies
  11 adders
  3 shadow imps
  5 white imps (Orc:4)
  4 ufetubi
  2 worms
  2 adder zombies
  6 giant geckos
  3 oozes
  85 orcs
  4 bat skeletons
  4 bat zombies
  6 giant cockroaches
  7 goblins
  14 hobgoblins
  3 jackals (D:2)
  2 ball pythons
  15 bats
  5 giant newts
  2 giant spores
  2 gnoll zombies (Ossuary)
  5 goblin zombies (Ossuary)
  2 hobgoblin skeletons
  A hobgoblin zombie (Ossuary)
  33 kobolds
  4 orc skeletons
  6 orc zombies
  2 quokkas
  7 rats
  4 ballistomycetes
405 creatures vanquished.

Vanquished Creatures (collateral kills)
  A troll (D:10)
  7 polar bears (IceCv)
  6 yaks (IceCv)
  3 wolves (IceCv)
  3 orc warriors
  A scorpion (D:9)
  A wight (D:9)
  Dowan (D:7)
  7 white imps (Orc:4)
  A giant gecko (D:6)
  14 orcs
  A bat (D:6)
  2 goblins (Orc:3)
  3 kobolds (D:10)
51 creatures vanquished.

Vanquished Creatures (others)
  2 smoke demons (IceCv)
  2 orange demons
  3 hellwings (IceCv)
  2 polar bears (IceCv)
  3 ynoxinuls (IceCv)
  4 neqoxecs
  2 wolves (IceCv)
  A shadow imp (Orc:3)
  A white imp (D:6)
  13 ufetubi
  An ooze (Sewer)
34 creatures vanquished.

Grand Total: 490 creatures vanquished

Notes
Turn   | Place    | Note
--------------------------------------------------------------
     0 | D:1      | myeffort, the Deep Dwarf Earth Elementalist, began the quest for the Orb.
     0 | D:1      | Reached XP level 1. HP: 15/15 MP: 2/2
   690 | D:2      | Reached XP level 2. HP: 22/22 MP: 1/4
   951 | D:2      | Learned a level 2 spell: Stoneskin
   996 | D:2      | Reached XP level 3. HP: 11/28 MP: 3/6
  1055 | D:2      | Found a glowing golden altar of the Shining One.
  1384 | D:2      | Found a burning altar of Makhleb.
  1390 | D:2      | Became a worshipper of Makhleb the Destroyer
  1686 | D:3      | Found a glowing drain.
  1733 | D:4      | Noticed a trapdoor spider zombie
  1774 | D:4      | Reached skill level 5 in Earth Magic
  1780 | D:4      | Reached XP level 4. HP: 33/36 MP: 1/7
  1785 | D:4      | Found Xuytsuw's Magic Scroll Shop.
  1802 | D:4      | Bought a scroll of fear for 38 gold pieces
  1815 | D:4      | Noticed Vidiiot's ghost (average OpWz)
  1822 | D:4      | Found Psaen's Antique Weapon Emporium.
  2192 | Sewer    | Entered a sewer
  2275 | Sewer    | Acquired Makhleb's first power
  2291 | Sewer    | Reached XP level 5. HP: 39/42 MP: 6/9
  2406 | Sewer    | Reached skill level 5 in Stealth
  2406 | Sewer    | Reached skill level 6 in Earth Magic
  2495 | Sewer    | Found a burning altar of Makhleb.
  2541 | Sewer    | Noticed an apprentice kobold demonologist
  2553 | Sewer    | Killed an apprentice kobold demonologist
  2553 | Sewer    | Reached skill level 7 in Earth Magic
  2553 | Sewer    | Reached XP level 6. HP: 45/49 MP: 5/10
  2591 | Sewer    | Noticed a big kobold
  2610 | Sewer    | Reached XP level 7. HP: 32/55 MP: 9/12
  2614 | Sewer    | Killed a big kobold
  2644 | Sewer    | Noticed Grinder
  2654 | Sewer    | Killed Grinder
  2654 | Sewer    | Reached skill level 8 in Earth Magic
  2705 | Sewer    | Acquired Makhleb's second power
  3396 | D:4      | Killed a trapdoor spider zombie
  3396 | D:4      | Reached skill level 9 in Earth Magic
  3396 | D:4      | Reached XP level 8. HP: 39/62 MP: 13/13
  3413 | D:4      | Found Aleot's Food Boutique.
  3471 | D:4      | Found Bidimaf's Distillery.
  3517 | D:4      | Found Maja's Jewellery Shoppe.
  3645 | D:4      | Killed Vidiiot's ghost
  3645 | D:4      | Reached skill level 10 in Earth Magic
  3880 | D:5      | Entered Level 5 of the Dungeon
  3910 | D:4      | Learned a level 3 spell: Stone Arrow
  3916 | D:4      | Learned a level 5 spell: Lee's Rapid Deconstruction
  4120 | D:5      | Found Pher's Book Boutique.
  4270 | D:5      | Reached skill level 11 in Earth Magic
  4279 | D:5      | Acquired Makhleb's third power
  4361 | D:5      | Reached skill level 1 in Invocations
  4361 | D:5      | Reached skill level 1 in Evocations
  4670 | D:6      | Found a radiant altar of Vehumet.
  4756 | D:6      | Found a staircase to the Ecumenical Temple.
  5065 | D:6      | Found an ancient bone altar of Kikubaaqudgha.
  5185 | D:6      | Reached skill level 12 in Earth Magic
  5285 | D:6      | Acquired Makhleb's fourth power
  5304 | D:6      | Gained mutation: You passively map the area around you. [level up]
  5304 | D:6      | Reached XP level 9. HP: 61/68 MP: 11/14
  5351 | D:6      | Noticed Ijyb
  5361 | D:6      | Killed Ijyb
  5380 | D:6      | Found a deep blue altar of Sif Muna.
  5697 | D:7      | Found a sand-covered staircase.
  5720 | Ossuary  | Entered an ossuary
  5924 | D:7      | Reached skill level 5 in Invocations
  6003 | D:7      | Noticed Duvessa
  6009 | D:7      | Killed Duvessa
  6012 | D:7      | Noticed Dowan
  6021 | D:7      | Killed Dowan
  6033 | D:7      | Reached skill level 13 in Earth Magic
  6033 | D:7      | Reached skill level 5 in Evocations
  6347 | D:7      | Noticed Crazy Yiuf
  6352 | D:7      | Killed Crazy Yiuf
  6788 | D:4      | Bought an uncursed ring of magical power for 220 gold pieces
  6826 | D:4      | Bought a potion of curing for 30 gold pieces
  6826 | D:4      | Bought a potion of heal wounds for 50 gold pieces
  6826 | D:4      | Bought a potion of resistance for 100 gold pieces
  6897 | D:8      | Found a shadowy altar of Dithmenos.
  7064 | D:8      | Found a basalt altar of Yredelemnul.
  7434 | D:8      | Found a sparkling altar of Nemelex Xobeh.
  7506 | D:8      | Acquired Makhleb's fifth power
  7715 | D:8      | Reached skill level 14 in Earth Magic
  7715 | D:8      | Reached XP level 10. HP: 51/75 MP: 20/20
  7716 | D:8      | Noticed Grum
  7723 | D:8      | Killed Grum
  7977 | D:9      | Found Wyostronn's Armour Shop.
  7979 | D:9      | Found a staircase to the Orcish Mines.
  8338 | D:9      | Found a bloodstained altar of Trog.
  9121 | D:9      | Found a stormy altar of Qazlal.
  9365 | D:10     | Entered Level 10 of the Dungeon
  9383 | D:10     | Reached skill level 15 in Earth Magic
 10322 | D:10     | Noticed a cyclops
 10400 | D:11     | Noticed a white ugly thing
 10464 | Orc:1    | Entered Level 1 of the Orcish Mines
 10803 | Orc:2    | Noticed Urug
 10899 | Orc:2    | Killed Urug
 11064 | Orc:2    | Reached skill level 5 in Dodging
 11298 | Orc:2    | Reached XP level 11. HP: 39/81 MP: 23/23
 11793 | Orc:4    | Entered Level 4 of the Orcish Mines
 11805 | Orc:4    | Found a frozen archway.
 11864 | IceCv    | Entered an ice cave
 11929 | IceCv    | Reached skill level 10 in Evocations
 12000 | IceCv    | Noticed an ice statue
 12004 | IceCv    | Killed an ice statue
 12202 | IceCv    | Reached skill level 10 in Invocations
 12210 | IceCv    | Learned a level 4 spell: Petrify
 12468 | IceCv    | Noticed a frost giant
 12482 | IceCv    | HP: 1/81 [frost giant/bolt of cold (12)]
 12484 | IceCv    | Demolished by a frost giant

Action                   |  1- 3 |  4- 6 |  7- 9 | 10-12 || total
-------------------------+-------+-------+-------+-------++-------
Melee: Whip              |    59 |   152 |   453 |   262 ||   926
 Cast: Sandblast         |    41 |    27 |    85 |   165 ||   318
       Stoneskin         |     1 |     4 |     4 |     6 ||    15
       Lee's Rapid Decon |       |       |    18 |    47 ||    65
       Stone Arrow       |       |       |     6 |    12 ||    18
Invok: Lesser Servant of |       |       |     3 |    27 ||    30
       Greater Servant o |       |       |       |     1 ||     1
 Abil: Device Recharging |       |       |       |     3 ||     3
Evoke: Wand              |     2 |     2 |     1 |    11 ||    16
       Crystal ball of e |       |       |       |     2 ||     2
       Lamp of fire      |       |       |       |     1 ||     1
  Use: Scroll            |     8 |     1 |     3 |     7 ||    19
       Potion            |     4 |       |     4 |    11 ||    19
 Stab: Sleeping          |     1 |     1 |    21 |       ||    23
       Distracted        |       |       |     2 |       ||     2
  Eat: Chunk             |     3 |     4 |    22 |    31 ||    60
       Bread ration      |       |       |     1 |     1 ||     2
       Beef jerky        |       |       |       |     1 ||     1
